 Dungeon Crawl Stone Soup version 0.20.1-1-g8b1a95d (webtiles) character file.

375 dohliylev the Covert (level 6, 0/46 HPs)
             Began as a Vampire Assassin on July 8, 2017.
             Slain by an orc warrior
             ... wielding a +0 trident
              (10 damage)
             ... on level 3 of the Dungeon.
             The game lasted 00:17:48 (4775 turns).

dohliylev the Covert (Vampire Assassin)             Turns: 4775, Time: 00:17:48

Health: 0/46       AC:  5    Str: 10    XL:     6   Next: 44%
Magic:  6/6        EV: 13    Int: 13    God:
Gold:   189        SH:  0    Dex: 18    Spells: 5/5 levels left

rFire    . . .     SeeInvis +   b - +0 blowgun
rCold    + . .     Gourm    .   (no shield)
rNeg     + + .     Faith    .   m - +0 robe
rPois    +         Spirit   .   (no helmet)
rElec    .         Reflect  .   d - +0 cloak
rCorr    .         Harm     .   r - +1 pair of gloves
MR       .....                  (no boots)
Stlth    ++++++....             (no amulet)
Regen    0.1/turn               (no ring)
MPRegen  0.1/turn               (no ring)

@: regenerating slowly
A: fangs 3, see invisible, unbreathing
a: Bat Form


You were on level 3 of the Dungeon.
You were very thirsty.

You visited 1 branch of the dungeon, and saw 3 of its levels.

You collected 189 gold pieces.

Inventory:

Hand Weapons
 a - a +2 dagger
 b - a +0 blowgun (weapon)
 o - a +2 short sword of speed
 t - a +0 short sword of speed
 A - a +2 short sword of venom
 B - a +0 rapier
 C - a cursed -2 dagger
Missiles
 e - 19 poisoned needles (quivered)
 f - 2 curare-tipped needles
Armour
 d - a +0 cloak (worn)
 m - a +0 robe (worn)
 r - a +1 pair of gloves (worn)
 u - a +1 robe of cold resistance
Wands
 v - a wand of iceblast (5/15)
Scrolls
 c - a scroll of identify {unknown}
 i - a scroll of fear {unknown}
 j - a scroll of magic mapping {unknown}
 k - a scroll of teleportation {unknown}
 l - a scroll of recharging {unknown}
 p - 2 scrolls of immolation {unknown}
 s - a scroll of noise {unknown}
 y - a scroll of amnesia {unknown}
Potions
 g - 10 potions of blood
 h - 2 potions of flight {unknown}
 n - 2 potions of curing {unknown}
 q - 2 potions of degeneration {unknown}
 w - 2 potions of mutation {unknown}
 x - 2 potions of heal wounds {unknown}
 z - 2 potions of ambrosia {unknown}
 D - a potion of brilliance {unknown}


   Skills:
 + Level 2.6 Fighting
 + Level 3.5 Short Blades
 * Level 1.9 Throwing
 + Level 2.2 Dodging
 + Level 10.0 Stealth


You had 5 spell levels left.
You didn't know any spells.

Dungeon Overview and Level Annotations

Branches:
Dungeon (3/15)

Altars:
Elyvilon
Fedhas
Zin

Annotations:
D:3 Vajrapani's ghost, amateur BaFi


Innate Abilities, Weirdness & Mutations

You heal slowly.
You have razor-sharp teeth.
You have supernaturally acute eyesight. (SInv)
You can survive without breathing.


Message History

Your +1 pair of gloves melds into your body.
Your +0 robe melds into your body.
The orc wizard misses you. The orc warrior barely misses you.
The orc wizard casts a spell.
The orc wizard seems to speed up.
Your transformation has ended.
Your +2 dagger unmelds from your body.
Your +0 cloak unmelds from your body.
Your +1 pair of gloves unmelds from your body.
Your +0 robe unmelds from your body.
Wield which item (- for none, * to show all)? (? for menu, Esc to quit)
b - a +0 blowgun (weapon)
Two of your 12 potions of blood rot away.
The orc wizard shouts!
The orc warrior hits you from afar with a trident!
* * * LOW HITPOINT WARNING * * *
The orc wizard casts a spell.
The orc wizard flickers and vanishes for a moment.
You fail to use your ability.
The orc warrior hits you from afar with a trident!
You die...

#.#####.####....)# #..)<#.#
#.#........####### ##..##..
#.#.###.##.# #...... #.#.#
#.##.# #..#... #.#.# #.##o#
#..#.#. ..#.# #.##.#
#..#.#[ ###.# #.##o#
#....#) #o# #.##.# ##..#..
#o# #.##@# #..#.. #.#
#.##.###### #..... #o#
#.......# ##.... #.#
#######.# ##.... #o# #.#
#.#... #o. #.######.#...
### #########........#..#
#######..........<####.#..#
#.....#.####.....#####.#..#


You could see an orc warrior and an orc wizard (invisible).

Vanquished Creatures
  Sigmund (D:2)
  A worker ant (D:3)
  6 gnolls
  5 adders
  An ooze (D:3)
  A worm (D:3)
  2 dart slugs
  A leopard gecko (D:3)
  5 orcs (D:3)
  A ball python (D:2)
  16 goblins
  10 hobgoblins
  6 bats
  4 frilled lizards
  9 kobolds
  5 rats
74 creatures vanquished.

Notes
Turn   | Place    | Note
-------+----------+-------------------------------------------
     0 | D:1      | dohliylev the Vampire Assassin began the quest for the Orb.
     0 | D:1      | Reached XP level 1. HP: 16/16 MP: 1/1
    48 | D:1      | Reached skill level 6 in Stealth
   114 | D:1      | Reached XP level 2. HP: 18/22 MP: 2/2
   935 | D:1      | Reached skill level 7 in Stealth
  1278 | D:2      | Found a white marble altar of Elyvilon.
  1309 | D:2      | Reached XP level 3. HP: 14/27 MP: 3/3
  1522 | D:2      | Noticed Sigmund
  1529 | D:2      | Killed Sigmund
  1529 | D:2      | Reached skill level 9 in Stealth
  1529 | D:2      | Reached XP level 4. HP: 33/33 MP: 4/4
  1529 | D:2      | Reached XP level 5. HP: 38/38 MP: 5/5
  2002 | D:2      | Found a glowing silver altar of Zin.
  2504 | D:3      | Found a blossoming altar of Fedhas.
  2573 | D:3      | Reached XP level 6. HP: 29/46 MP: 6/6
  2696 | D:3      | Noticed Vajrapani's ghost (amateur BaFi)
  4637 | D:3      | Reached skill level 10 in Stealth
  4736 | D:3      | Noticed an orc warrior
  4775 | D:3      | Slain by an orc warrior

Skill      XL: |  1  2  3  4  5  6 |
---------------+-------------------+-----
Stealth        | 6 7 9 10 | 10.0
Fighting       | 2 |  2.6
Dodging        | 2 |  2.2
Short Blades   | 3 |  3.5
Throwing       | |  1.9

Action                   |  1- 3 |  4- 6 || total
-------------------------+-------+-------++-------
Melee: Dagger            |    89 |   204 ||   293
       Bite              |     2 |    15 ||    17
 Fire: Blowgun           |     2 |    10 ||    12
 Abil: End Transformatio |       |     3 ||     3
       Bat Form          |       |     3 ||     3
  Use: Potion            |       |     2 ||     2
 Stab: Sleeping          |     4 |     9 ||    13
       Distracted        |       |     1 ||     1
  Eat: Corpse            |     6 |     1 ||     7
Armor: Robe              |    14 |    58 ||    72
Dodge: Dodged            |    33 |   121 ||   154
